Map: Cyber Forest LE

Players

Presto - Winner!

  • Race: Zerg Zerg
  • League: Diamond
  • Spawn Location: 11:00

SwHy

  • Race: Protoss Protoss
  • League: Platinum
  • Spawn Location: 5:00

VOD

Have the link to the VOD?

Description

for Neuro cast, zerg memes protoss

Time

  • Played on: Feb. 10, 2019, 9:32 a.m.
  • Length: 24:20
Show
View Real Time Build Order
Export as new Build Order

Presto Zerg - Winner!

Build Orders: 3 Hatch before Pool, Lurkers, Roach Hydra 

Get SALT Encoding   

  12  0:01  Drone  
  13  0:16  Drone  
  13  0:20  Overlord  
  14  0:44  Hatchery  
  14  0:46  Drone  
  14  0:50  Drone  
  14  0:54  Drone  
  16  1:18  Hatchery  
  15  1:26  Extractor  
  14  1:37  Spawning Pool  
  13  1:40  Drone  
  13  1:45  Drone  
  15  1:48  Drone  
  15  1:51  Drone  
  17  1:56  Drone  
  18  2:03  Drone  
  18  2:08  Drone  
  20  2:15  Drone  
  21  2:21  Drone  
  22  2:24  Queen  
  22  2:28  Queen  
  26  2:35  Drone x2  
  28  2:39  Drone  
  28  2:43  Drone  
  30  2:46  Overlord  
  30  2:58  Queen  
  30  3:00  Drone x2  
  34  3:08  Metabolic Boost  
  34  3:10  Drone x2  
  34  3:11  Drone  
  37  3:22  Extractor  
  37  3:23  Zergling x8  
  37  3:26  Drone x2  
  42  3:35  Overlord x2  
  41  3:53  Drone x3  
  43  3:59  Drone  
  43  4:00  Drone x2  
  46  4:03  Roach Warren  
  46  4:09  Drone x3  
  49  4:10  Drone x3  
  49  4:16  Pneumatized Carapace  
  51  4:19  Lair  
  51  4:26  Extractor  
  51  4:29  Overlord  
  50  4:32  Drone  
  51  4:50  Drone x5, Evolution Chamber  
  51  4:51  Drone x3, Evolution Chamber  
  57  4:57  Overlord  
  57  4:58  Overlord  
  57  4:59  Overlord  
  57  5:04  Extractor  
  56  5:17  Drone x2  
  56  5:18  Drone  
  56  5:19  Roach x6  
  71  5:25  Queen  
  73  5:32  Drone x3  
  76  5:39  Drone x3  
  76  5:40  Drone x2, Overlord x2  
  81  5:45  Spore Crawler  
  81  5:47  Spore Crawler  
  79  5:50  Spore Crawler  
  79  5:51  Zerg Missile Weapons Level 1  
  79  5:55  Zerg Ground Armor Level 1  
  78  6:07  Drone x3, Overlord  
  78  6:08  Overlord x2  
  80  6:22  Overlord x2  
  80  6:30  Glial Reconstitution  
  80  6:31  Hydralisk Den  
  80  6:32  Drone x6  
  85  6:33  Drone  
  86  6:43  Spine Crawler  
  86  6:46  Drone, Extractor  
  86  6:47  Drone x3, Extractor  
  87  6:50  Hatchery  
  86  6:56  Overseer  
  86  7:00  Roach x7  
  86  7:01  Roach x2  
  104  7:03  Overlord  
  104  7:07  Grooved Spines  
  104  7:12  Lurker Den  
  103  7:32  Hydralisk x5  
  113  7:37  Overlord x4  
  113  7:38  Drone  
  114  7:44  Spine Crawler  
  113  7:52  Infestation Pit  
  113  7:57  Spine Crawler  
  113  7:58  Zerg Missile Weapons Level 2  
  111  8:00  Spine Crawler  
  111  8:02  Zerg Ground Armor Level 2  
  110  8:15  Drone x14  
  110  8:16  Drone x3  
  110  8:18  Queen  
  129  8:24  Hydralisk  
  129  8:25  Hydralisk x3  
  137  8:35  Extractor  
  137  8:38  Extractor  
  137  8:39  Hive  
  137  8:41  Spore Crawler  
  134  8:42  Muscular Augments  
  134  8:46  Spine Crawler, Burrow  
  134  8:47  Spine Crawler  
  132  9:07  Lurker  
  132  9:08  Lurker x2  
  133  9:26  Hydralisk x7  
  135  9:51  Hydralisk x9  
  142  9:55  Lurker  
  143  10:13  Pathogen Glands  
  143  10:22  Spine Crawler x2  
  143  10:23  Spine Crawler  
  140  10:36  Zerg Missile Weapons Level 3  
  140  10:38  Overlord x5  
  140  10:53  Overlord x6  
  140  10:54  Hydralisk x4  
  148  10:58  Lurker x4  
  148  10:59  Hatchery  
  151  11:05  Drone x2  
  151  11:06  Drone x4  
  151  11:09  Spine Crawler x2  
  151  11:10  Hatchery, Neural Parasite  
  154  11:18  Zerg Ground Armor Level 3  
  154  11:43  Hydralisk  
  154  11:44  Hydralisk x4  
  154  11:45  Infestor x2  
  168  11:49  Infestor  
  170  12:03  Drone  
  170  12:04  Drone x8  
  179  12:13  Overseer x3  
  179  12:14  Overseer  
  179  12:57  Extractor x2  
  177  13:00  Spine Crawler x2, Spore Crawler  
  177  13:01  Spine Crawler, Drone x4  
  177  13:02  Drone  
  147  13:36  Hydralisk  
  147  13:37  Hydralisk x23  
  184  13:45  Hydralisk x5  
  184  13:46  Hydralisk x2  
  198  14:25  Overlord x4  
  198  14:32  Spore Crawler  
  198  14:34  Spore Crawler  
  196  15:11  Nexus  
  156  16:12  Hydralisk  
  156  16:13  Hydralisk x12  
  174  16:28  Probe  
  175  16:35  Lurker x5  
  175  16:36  Lurker x3  
  183  16:49  Pylon  
  183  16:50  Pylon, Probe  
  183  16:52  Pylon  
  184  16:54  Pylon  
  184  17:06  Overseer x3  
  184  17:13  Gateway  
  184  17:17  Forge  
  184  17:24  Pylon  
  184  17:25  Pylon  
  184  17:28  Pylon  
  184  17:30  Pylon  
  184  17:32  Pylon  
  184  17:38  Spine Crawler  
  184  17:42  Spine Crawler  
  184  17:44  Spore Crawler  
  181  17:45  Spore Crawler  
  181  17:46  Spore Crawler x2  
  181  17:47  Spore Crawler  
  181  17:48  Spore Crawler  
  181  17:50  Spore Crawler  
  175  17:56  Photon Cannon  
  175  17:58  Photon Cannon  
  175  18:00  Photon Cannon  
  175  18:01  Photon Cannon, Cybernetics Core  
  175  18:03  Photon Cannon  
  175  18:06  Photon Cannon x2  
  175  18:08  Photon Cannon  
  175  18:23  Photon Cannon x2  
  175  18:26  Photon Cannon  
  175  18:28  Photon Cannon  
  175  18:39  Stargate  
  175  18:40  Stargate  
  175  18:42  Stargate  
  175  18:44  Stargate  
  175  18:46  Stargate  
  175  18:49  Stargate  
  175  18:50  Shield Battery  
  175  18:53  Shield Battery  
  175  19:01  Shield Battery  
  175  19:04  Shield Battery  
  175  19:13  Shield Battery  
  175  19:15  Shield Battery  
  175  19:21  Shield Battery  
  175  19:27  Fleet Beacon  
  171  20:00  Spore Crawler  
  171  20:02  Spore Crawler x2  
  171  20:04  Spine Crawler, Spore Crawler  
  171  20:06  Spine Crawler x2, Spore Crawler  
  160  20:07  Spine Crawler  
  160  20:08  Spine Crawler  
  160  20:11  Spore Crawler  
  146  20:15  Mothership  
  154  20:24  Carrier x2  
  154  20:25  Carrier x4  
  174  20:53  Overseer  
  174  21:22  Overseer x5  
  174  21:23  Overseer  
  174  21:24  Overseer x2  
  172  21:28  Carrier  
  172  21:29  Carrier x3  
  196  21:39  Pylon  
  195  21:42  Pylon  
  195  21:46  Pylon  
  182  22:28  Carrier x2  
  194  22:31  Photon Cannon  
  194  22:36  Photon Cannon  
  184  22:56  Photon Cannon  
  180  22:59  Photon Cannon  
  180  23:01  Photon Cannon  
  174  23:06  Photon Cannon  
  174  23:07  Photon Cannon  
Show
View Real Time Build Order
Export as new Build Order

SwHy Protoss 

Build Orders: 1 Gate Expand 

Get SALT Encoding   

  1  0:00  Probe  
  12  0:06  Probe  
  14  0:16  Probe  
  15  0:25  Pylon  
  15  0:33  Assimilator  
  15  0:43  Probe  
  15  0:44  Gateway  
  16  0:55  Probe  
  17  1:03  Probe  
  17  1:11  Probe  
  19  1:20  Assimilator  
  19  1:21  Probe  
  20  1:35  Nexus  
  20  1:44  Pylon  
  20  1:55  Cybernetics Core  
  20  2:05  Assimilator  
  20  2:06  Gateway  
  20  2:10  Probe  
  21  2:22  Probe  
  22  2:30  Probe  
  23  2:38  Adept, Probe  
  26  2:46  Adept  
  26  2:49  Probe  
  27  2:52  Probe, Gateway  
  27  2:58  Warp Gate  
  30  3:01  Probe  
  30  3:04  Probe  
  32  3:08  Stalker  
  34  3:13  Probe  
  34  3:19  Probe  
  36  3:20  Stalker  
  36  3:25  Probe  
  39  3:31  Probe  
  40  3:37  Probe  
  41  3:43  Probe  
  40  3:51  Probe  
  40  3:52  Probe  
  40  3:57  Assimilator  
  40  3:59  Probe  
  40  4:01  Assimilator  
  40  4:04  Probe, Shield Battery  
  42  4:10  Probe  
  42  4:16  Probe  
  44  4:20  Stalker  
  46  4:27  Pylon  
  46  4:33  Pylon  
  46  4:35  Stargate  
  46  4:37  Pylon  
  46  4:39  Twilight Council  
  46  4:41  Pylon  
  46  4:42  Stargate  
  46  4:45  Pylon, Probe x2  
  48  4:58  Pylon  
  48  5:01  Stalker x2  
  48  5:02  Pylon, Stalker  
  48  5:03  Blink  
  48  5:06  Pylon  
  54  5:24  Gateway x2  
  54  5:25  Sentry x3  
  60  5:35  Probe  
  61  5:51  Zealot x2  
  61  5:53  Zealot  
  61  5:55  Pylon  
  66  6:15  Nexus  
  65  6:31  Zealot  
  67  6:34  Probe x2  
  67  6:38  Zealot x2  
  67  6:39  Zealot x2  
  77  6:44  Phoenix  
  79  6:54  Charge  
  79  6:56  Templar Archives  
  79  7:03  Adept x5  
  89  7:30  Forge  
  89  7:32  Forge  
  89  7:44  Pylon  
  89  7:48  Pylon  
  89  7:49  Psionic Storm  
  89  7:50  Probe, Pylon  
  89  7:51  Probe  
  89  7:52  High Templar x3  
  89  7:53  Pylon, Probe  
  98  7:58  Probe  
  98  7:59  Probe  
  98  8:01  High Templar x2  
  98  8:04  Protoss Ground Weapons Level 1, Archon  
  98  8:05  Probe, Archon  
  104  8:07  Protoss Ground Armor Level 1  
  104  8:08  Probe x2  
  104  8:09  Assimilator  
  107  8:13  Assimilator  
  107  8:17  Pylon, Probe  
  108  8:20  Probe x2  
  108  8:21  Photon Cannon  
  108  8:23  Photon Cannon  
  110  8:29  Pylon  
  110  8:30  Probe  
  110  8:31  Pylon  
  110  8:32  Probe  
  110  8:33  Adept x2  
  116  8:34  Resonating Glaives  
  116  8:35  Probe  
  117  8:42  Probe  
  117  8:44  Probe  
  117  8:48  Probe  
  120  8:54  Probe, High Templar x2  
  125  8:56  Probe  
  125  9:00  Probe  
  127  9:11  Archon  
  87  9:56  Zealot  
  87  9:57  Zealot x2  
  87  9:58  High Templar  
  87  9:59  High Templar  
  97  10:08  Robotics Facility  
  97  10:12  Protoss Ground Weapons Level 2  
  97  10:13  Protoss Shields Level 1  
  97  10:24  Stalker x3  
  103  10:33  Assimilator, Pylon, Nexus  
  103  10:34  Assimilator, Pylon  
  103  10:40  Pylon  
  103  10:51  Zealot  
  103  10:52  Zealot x2, Gateway  
  103  10:53  Observer, Stalker x2  
  103  10:55  Gateway  
  113  10:57  Gateway, Archon  
  114  11:08  Immortal, Robotics Bay  
  118  11:34  Immortal  
  118  11:36  Stalker x4  
  118  11:37  Stalker  
  128  11:48  Protoss Ground Armor Level 2  
  128  11:49  Robotics Facility  
  128  11:53  Extended Thermal Lance  
  132  12:00  Colossus  
  132  12:09  Protoss Shields Level 2  
  132  12:10  Stalker  
  132  12:11  Zealot  
  132  12:12  Zealot x2  
  132  12:14  Stalker x2  
  132  12:15  Stalker x2  
  154  12:33  Sentry  
  154  12:34  Sentry  
  154  12:36  Sentry  
  160  12:41  Disruptor  
  160  12:44  Disruptor  
  166  13:16  Colossus  
  166  13:19  Colossus  
  166  13:33  Gravitic Boosters  
  90  13:44  Stalker x4  
  90  13:45  Zealot x3  
  90  13:46  Zealot  
  100  13:54  Protoss Ground Weapons Level 3  
  100  14:01  Fleet Beacon  
  100  14:14  High Templar x3  
  100  14:15  High Templar x5  
  116  14:20  Disruptor x2  
  122  14:27  Protoss Ground Armor Level 3  
  122  14:35  Gravitic Drive  
  122  14:43  Nexus  
  122  14:45  Assimilator  
  122  14:50  Assimilator  
  122  14:55  Pylon  
  122  14:57  Pylon, Archon  
  122  14:58  Archon  
  122  14:59  Pylon, Stalker  
  124  15:00  Stalker x3  
  124  15:01  Pylon, Zealot x3  
  124  15:02  Observer, Zealot  
  138  15:11  Disruptor  
  142  15:20  Disruptor  
  142  15:23  Photon Cannon  
  142  15:26  Photon Cannon  
  142  15:28  Photon Cannon  
  145  15:30  Photon Cannon  
  145  15:34  Shield Battery  
  145  15:35  Stargate x2  
  145  15:36  Shield Battery  
  145  15:38  Shield Battery  
  68  16:06  Zealot x2  
  68  16:07  Zealot x4  
  68  16:08  Zealot x2  
  84  16:12  Protoss Shields Level 3  
  90  16:20  Disruptor x2  
  74  16:45  Disruptor  
  74  16:46  Disruptor  
  74  16:51  High Templar x2  
  74  16:53  Zealot  
  74  16:54  Zealot x5  
  96  17:11  Protoss Air Weapons Level 1  
  96  17:21  Disruptor x2  
  102  17:26  Stalker  
  104  17:35  Nexus  
  104  17:36  Assimilator, Pylon x2  
  104  17:37  Assimilator  
  104  17:42  Archon  
  104  17:49  Disruptor  
  103  17:56  Stalker x3  
  103  17:57  Disruptor, Stalker x4  
  103  17:58  Stalker  
  125  18:24  Observer  
  122  18:32  Disruptor  
  121  18:36  High Templar x2  
  121  18:38  Sentry x3  
  121  18:39  Zealot  
  121  18:40  Zealot x2  
  137  18:45  Immortal  
  137  18:47  Mothership  
  141  19:01  High Templar  
  151  19:03  Zealot x5  
  151  19:05  Protoss Air Armor Level 1  
  151  19:09  Immortal  
  162  20:21  Carrier x4  
  176  21:25  Carrier x4  
  191  22:29  Carrier  
  197  23:05  Stalker  
  197  23:07  Stalker x3  
  197  23:08  Stalker  
Tags
 
Add a new tag
Caveats
  • Supply blocks, unpowered buildings, or Contaminate may cause inaccurate times.
  • Supply counts are checked every 10 seconds.